 Dungeon Crawl Stone Soup version 0.18.1-47-g9310371 (webtiles) character file.

1172 matakusis the Reanimator (level 8, -9/52 HPs)
             Began as a Demonspawn Necromancer on June 18, 2016.
             Mangled by Duvessa
             ... wielding a +6 rapier of protection
              (20 damage)
             ... on level 5 of the Dungeon.
             The game lasted 00:27:18 (5541 turns).

matakusis the Reanimator (Demonspawn Necromancer)   Turns: 5541, Time: 00:27:19

Health: -9/52      AC:  4    Str:  8    XL:     8   Next: 18%
Magic:  13/18      EV: 12    Int: 20    God:
Gold:   141        SH:  0    Dex: 15    Spells: 4 memorised, 10 levels left

rFire  . . .     SeeInvis .     v - +4 quarterstaff (chaos)
rCold  . . .     Gourm    .     a - +0 robe
rNeg   + . .     Faith    .     (shield currently unavailable)
rPois  .         Spirit   .     (no helmet)
rElec  .         Dismiss  .     w - +1 cloak
rCorr  .         Reflect  .     (no gloves)
SustAt .         Harm     .     (no boots)
MR     .....                    (no amulet)
Stlth  ++........               i - ring of positive energy
                                o - ring of flight

@: about to teleport, not resistant to hostile enchantments, unstealthy
A: clever 1, demonic guardian 1, spiny 1, sturdy frame 1
a: Evoke Flight


You were on level 5 of the Dungeon.
You were very hungry.

You visited 1 branch of the dungeon, and saw 5 of its levels.

You collected 197 gold pieces.
You spent 56 gold pieces at shops.

Inventory:

Hand Weapons
 v - a +4 quarterstaff of chaos (weapon)
Missiles
 e - 3 poisoned tomahawks (quivered)
 g - 16 poisoned needles
Armour
 a - a +0 robe (worn)
 w - a +1 cloak (worn)
Jewellery
 i - a ring of positive energy (right hand)
 o - a ring of flight (left hand)
Wands
 f - a wand of flame (36/48)
Scrolls
 d - a scroll of teleportation
 n - a scroll of remove curse
 r - a scroll of identify
 s - a scroll of vulnerability {unknown}
Potions
 l - a potion of might
 m - a potion of agility {unknown}
 q - 3 potions of brilliance
 t - a potion of haste
 u - a potion of cure mutation
Books
 b - a book of Necromancy

   Spells                             Type                      Level
   a - Pain                           Necromancy                   1
   b - Animate Skeleton               Necromancy                   1
   c - Vampiric Draining              Necromancy                   3
   d - Regeneration                   Charms/Necromancy            3
   e - Animate Dead                   Necromancy                   4
   f - Control Undead                 Necromancy                   4
Comestibles
 c - 4 bread rations
 j - 4 meat rations
 p - 3 fruits


   Skills:
 - Level 1.7 Dodging
 - Level 1.7 Stealth
 + Level 6.7 Spellcasting
 + Level 8.6 Necromancy


You had 10 spell levels left.
You knew the following spells:

 Your Spells              Type           Power        Failure   Level  Hunger
a - Pain                  Necr           ####         1%          1    None
b - Animate Skeleton      Necr           N/A          1%          1    None
c - Animate Dead          Necr           N/A          3%          4    ###....
d - Control Undead        Necr           #####.....   3%          4    ###....


Dungeon Overview and Level Annotations

Branches:
Dungeon (5/15)
 Temple: D:4-7

Altars:
Dithmenos

Shops:
D:4 }*=:?

Annotations:
D:5 Duvessa


Innate Abilities, Weirdness & Mutations

A weak demonic guardian rushes to your aid.
You are partially covered in sharp spines.
Your movements are slightly less encumbered by armour (ER -2).
Your mind is acute. (Int +2)


Message History

Duvessa hits you with a rapier of protection!
* * * LOW HITPOINT WARNING * * *
The hound is struck by your spines. The hound bites you but does no damage.
Duvessa is struck by your spines. Duvessa closely misses you.
The hound bites you.
* * * LOW HITPOINT WARNING * * *
Drink which item? (? for menu, Esc to quit)
Okay, then.
Drink which item? (? for menu, Esc to quit)
Okay, then.
Read which item? (? for menu, Esc to quit)
As you read the scroll of teleportation, it crumbles to dust.
You feel strangely unstable. Duvessa is struck by your spines.
Duvessa closely misses you. The hound bites you but does no damage.
Drink which item? (? for menu, Esc to quit)
Okay, then.
The hound is struck by your spines. The hound misses you. The hound bites you.
* * * LOW HITPOINT WARNING * * *
Duvessa hits you with a rapier of protection!!
You die...

......h #....####......##.##
...... #....##........<.##
...... #...............##
..... #...............# ....#
#...............# ...##
##..............# #e.#
#.............## #..##
####.............#
##..#####....@...........#
#####...........he..........#
...........)...'............#
#......#.....)#'#..........##
#####..####..##.##.........#
#..# #..##.⌠.##........#
#..##..##....)##.#....##
#..##.##...+...##.#...#
#..##.#...#+#...#.##.##


You could see Duvessa (berserk) and a hound.

Vanquished Creatures
  Pikel (D:4)
  Edmund (D:4)
  Purgy (D:3)
  Blork the orc (D:4)
  Dowan (D:5)
  A crimson imp (D:5)
  2 hounds
  Crazy Yiuf (D:5)
  4 gnolls (D:5)
  6 adders
  An ooze (D:5)
  An adder zombie (D:5)
  3 worms
  3 dart slugs
  3 giant geckos
  5 orcs
  7 giant cockroaches
  5 goblins
  13 hobgoblins
  7 jackals
  7 kobolds
  4 quokkas
  A ball python (D:2)
  13 bats
  2 giant newts (D:2)
  5 rats
99 creatures vanquished.

Vanquished Creatures (collateral kills)
  Sigmund (D:2)
  2 slaves (D:4)
  An orc (D:5)
4 creatures vanquished.

Vanquished Creatures (others)
  A slave (D:4)
  A howler monkey (D:4)
  An adder (D:4)
3 creatures vanquished.

Grand Total: 106 creatures vanquished

Notes
Turn   | Place    | Note
--------------------------------------------------------------
     0 | D:1      | matakusis the Demonspawn Necromancer began the quest for the Orb.
     0 | D:1      | Reached XP level 1. HP: 13/13 MP: 3/3
    47 | D:1      | Learned a level 1 spell: Animate Skeleton
   299 | D:1      | Gained mutation: You are partially covered in sharp spines. [demonic ancestry]
   299 | D:1      | Reached XP level 2. HP: 17/19 MP: 1/5
   403 | D:1      | Reached skill level 5 in Necromancy
   670 | D:2      | Gained mutation: Your movements are slightly less encumbered by armour (ER -2). [demonic ancestry]
   670 | D:2      | Reached XP level 3. HP: 21/24 MP: 1/6
  1551 | D:2      | Noticed Sigmund
  1600 | D:2      | Gained mutation: A weak demonic guardian rushes to your aid. [demonic ancestry]
  1600 | D:2      | Reached XP level 4. HP: 27/30 MP: 4/8
  2389 | D:2      | Killed Sigmund
  2389 | D:2      | Reached skill level 6 in Necromancy
  2389 | D:2      | Reached XP level 5. HP: 18/35 MP: 8/10
  2404 | D:2      | Learned a level 4 spell: Animate Dead
  2409 | D:2      | Learned a level 4 spell: Control Undead
  2470 | D:2      | Gained mutation: Your spells are a little harder to cast, but a little more powerful. [potion of mutation]
  2470 | D:2      | Gained mutation: Your body sometimes deteriorates upon taking damage. [potion of mutation]
  2470 | D:2      | Gained mutation: Your muscles are strong. (Str +2) [potion of mutation]
  2546 | D:3      | Noticed Purgy
  2578 | D:3      | Killed Purgy
  2578 | D:3      | Reached XP level 6. HP: 15/41 MP: 3/12
  2827 | D:3      | Found a shadowy altar of Dithmenos.
  3444 | D:4      | Noticed Edmund
  3455 | D:4      | Killed Edmund
  3455 | D:4      | Reached skill level 7 in Necromancy
  3497 | D:4      | Found Pun Bops's Gadget Shoppe.
  3589 | D:4      | Noticed a slave
  3589 | D:4      | Noticed a slave
  3648 | D:4      | Killed a slave
  3661 | D:4      | Killed a slave
  3711 | D:4      | Found Manug's Magic Scroll Shop.
  3711 | D:4      | Noticed Pikel
  3711 | D:4      | Noticed a slave
  3713 | D:4      | Noticed a slave
  3721 | D:4      | Killed Pikel
  3721 | D:4      | Reached skill level 8 in Necromancy
  3721 | D:4      | Reached XP level 7. HP: 14/46 MP: 5/16
  3728 | D:4      | Lost mutation: Your body sometimes deteriorates upon taking damage. [potion of cure mutation]
  3728 | D:4      | Lost mutation: Your spells are a little harder to cast, but a little more powerful. [potion of cure mutation]
  3728 | D:4      | Lost mutation: Your muscles are strong. (Str +2) [potion of cure mutation]
  3823 | D:4      | Found Ceriys's Jewellery Shoppe.
  3836 | D:4      | Found Lonnod's Book Shoppe.
  4170 | D:4      | Found Varoza's Assorted Antiques.
  4176 | D:4      | Bought a murky blue potion for 28 gold pieces
  4176 | D:4      | Bought a viscous emerald potion for 28 gold pieces
  4177 | D:4      | Gained mutation: Your mind is acute. (Int +2) [potion of beneficial mutation]
  4275 | D:4      | Noticed Blork the orc
  4320 | D:4      | Killed Blork the orc
  4382 | D:5      | Entered Level 5 of the Dungeon
  4899 | D:5      | Reached XP level 8. HP: 50/52 MP: 13/17
  5443 | D:5      | Noticed Crazy Yiuf
  5448 | D:5      | Killed Crazy Yiuf
  5518 | D:5      | Noticed Dowan
  5522 | D:5      | Noticed Duvessa
  5531 | D:5      | Killed Dowan
  5541 | D:5      | Mangled by Duvessa

Skill      XL: |  1  2  3  4  5  6 |
---------------+-------------------+-----
Necromancy     | 5 6 8 |  8.6
Spellcasting   | 3 4 6 |  6.7
Dodging        | |  1.7
Stealth        | |  1.7

Action                   |  1- 3 |  4- 6 |  7- 9 || total
-------------------------+-------+-------+-------++-------
Melee: Dagger            |     6 |    13 |       ||    19
       Whip              |       |       |     7 ||     7
       Quarterstaff      |       |       |     1 ||     1
 Cast: Pain              |    59 |    71 |    76 ||   206
       Animate Skeleton  |    14 |     1 |     1 ||    16
       Animate Dead      |       |     7 |     9 ||    16
  Use: Scroll            |       |     9 |     3 ||    12
       Potion            |       |     7 |     5 ||    12
 Stab: Sleeping          |     1 |       |       ||     1
  Eat: Chunk             |     2 |     6 |     5 ||    13
       Royal jelly       |       |     1 |       ||     1
       Pizza             |       |       |     1 ||     1
Armor: Robe              |     2 |     1 |     5 ||     8
Dodge: Dodged            |    11 |    15 |    16 ||    42
